 Dungeon Crawl Stone Soup version 0.31-a0-256-g80acddb972 (webtiles) character file.

Game seed: 16929438252884189619

6 British0li the Sneak (level 1, -1/18 HPs)
             Began as a Demonspawn Delver on July 13, 2023.
             Killed from afar by an orc wizard (8 damage)
             ... with a magic dart
             ... on level 5 of the Dungeon.
             The game lasted 00:01:07 (224 turns).

British0li the Sneak (Demonspawn Delver)             Turns: 224, Time: 00:01:07

Health: -1/18      AC:  3    Str: 12    XL:     1   Next: 75%
Magic:  1/1        EV: 11    Int: 11    God:
Gold:   4          SH:  0    Dex: 14    Spells: 0/0 levels left

rFire   . . .        a - +0 falchion
rCold   . . .        (no shield)
rNeg    . . .        b - +0 leather armour
rPois   .            (no helmet)
rElec   .            (no cloak)
rCorr   .            (no gloves)
SInv    .            (no boots)
Will    .....        (no amulet)
Stlth   +++          (no ring)
HPRegen 0.23/turn    (no ring)
MPRegen 0.07/turn

%: no passive effects
@: no status effects
A: no striking features
a: no special abilities


You were on level 5 of the Dungeon.
You visited 2 branches of the dungeon, and saw 4 of its levels.

You collected 4 gold pieces.

Inventory:

Hand Weapons
 a - a +0 falchion (weapon)
Armour
 b - a +0 leather armour (worn)
Wands
 g - a wand of digging (3)
Scrolls
 c - a scroll of fog
 e - a scroll of fear
Potions
 f - a potion of haste
 h - a potion of lignification {unknown}


   Skills:
 + Level 3.1 Fighting
 + Level 1.9 Long Blades
 + Level 1.9 Dodging
 + Level 4.6 Stealth


You couldn't memorise any spells.
You didn't know any spells.
Your spell library was empty.

Dungeon Overview and Level Annotations

Branches:
Dungeon (6/15)             Temple (1/1) D:5

Altars:
Ashenzari
Cheibriados
Dithmenos
Okawaru
Vehumet
Wu Jian
Xom

Shops:
D:4 ?


Message History

You hit the orc.
The orc is heavily wounded.
The orc hits you but does no damage.
You hit the orc but do no damage. You punch the orc.
You kill the orc!
The orc wizard gestures at you while chanting.
The puff of flame misses you.
You see here a green potion.
You barely miss the orc. The orc hits you with a +0 dagger. x2
You closely miss the orc. The orc hits you but does no damage.
You barely miss the orc. The orc hits you with a +0 dagger.
You slash the orc!
You kill the orc!
There is a stone staircase leading down here.
You hit the orc wizard.
The orc wizard is heavily wounded.
The orc wizard hits you with a +0 dagger.
You barely miss the orc wizard.
The orc wizard is heavily wounded.
The orc wizard closely misses you.
The orc wizard gestures at you while chanting.
You resist with significant effort.
You barely miss the orc wizard.
The orc wizard is heavily wounded.
The orc wizard hits you with a +0 dagger.
You miss the orc wizard. Your punch misses the orc wizard.
The orc wizard is heavily wounded.
The orc wizard hits you with a +0 dagger.
You hit the orc wizard.
The orc wizard is heavily wounded.
The orc wizard barely misses you.
You hit the orc wizard.
The orc wizard is almost dead.
The orc wizard hits you with a +0 dagger.
You closely miss the orc wizard.
The orc wizard is severely wounded.
The orc wizard hits you but does no damage.
The orc wizard gestures at you while chanting.
The magic dart hits you!
You die...

######## #..@o).# ###
###** #.####.#
##.###..,, #.# #.#
##...##.#**
#.####.###.....#.###
#......o..#...##.##.
####..###........o.....
#.......####.##.###....
#.#####.####.##.#######
#,* #......##+#######


You could see an orc wizard.

Vanquished Creatures
  3 orcs
3 creatures vanquished.

Notes
Turn   | Place    | Note
-------+----------+-------------------------------------------
     0 | D:5      | British0li the Demonspawn Delver began the quest for the
                  | Orb.
     0 | D:5      | Reached XP level 1. HP: 18/18 MP: 1/1
    23 | D:5      | Noticed a scorpion
    24 | D:5      | Noticed a scorpion
    29 | D:4      | Found Teffemm's Magic Scroll Shop.
    35 | D:4      | Noticed a hound
    44 | D:4      | You fall into a shaft and drop 2 floors!
   100 | D:5      | Found a staircase to the Ecumenical Temple.
   109 | Temple   | Entered the Ecumenical Temple
   176 | D:5      | Noticed an orc wizard
   224 | D:5      | Killed from afar by an orc wizard

Illustrated notes

Levels and vault maps discovered:
D:4:      layout_basic, nicolae_tso_swordbearing_angel, marbit_many_paths,
          lemuel_tele_altar, old_standard_altar, nicolae_stop_n_shop_2,
          dreamdust_wishing_well, nicolae_half_adder
D:5:      layout_loops_corners, minmay_temple_entry_slanted
D:6:      layout_loops_corners, chequers_arboretum, nicolae_elevator_lobby_plus,
          uniq_blork_the_orc, uniq_sigmund
Temple:   nicolae_temple_ecumenical_triangle

Action                     || total
---------------------------++-------
  Melee: Falchion          ||    17
         Punch             ||     2
    Use: Scroll            ||     1
 Armour: Leather armour    ||     3
  Dodge: Dodged            ||     7

Table legend: (Time is in decaauts)
 A = Elapsed time spent in this place.
 B = Non-inter-level travel time spent in this place.
 C = Inter-level travel time spent in this place.
 D = Time resting spent in this place.
 E = Time spent auto-exploring this place.
 F = Levels seen in this place.
 G = Mean time per level.
                   A        B        C        D        E       F      G
               +--------+--------+--------+--------+--------+-----+--------+
         Total |    226 |    219 |      7 |     39 |     51 |   4 |   56.5 |
       Dungeon |    184 |    183 |      1 |     39 |     22 |   3 |   61.3 |
        Temple |     41 |     35 |      6 |      0 |     29 |   1 |   41.0 |
               +--------+--------+--------+--------+--------+-----+--------+

Top non-repeatable levels by time:
     D:5: 120 daAuts
     D:6: 48 daAuts
  Temple: 41 daAuts
     D:4: 15 daAuts
